Map: Apotheosis LE

Players

Gracz - Winner!

  • Race: Protoss Protoss
  • League: Silver

WILDCRAFT

  • Race: Terran Terran
  • League: Bronze

VOD

Have the link to the VOD?

Description

Time

  • Played on: Oct. 7, 2016, 6:49 p.m.
  • Length: 18:19
Show
View Real Time Build Order
Export as new Build Order

Gracz Protoss - Winner!

Build Orders: Dark Templar Rush 

Get SALT Encoding   

  12  0:01  Probe (Chrono Boost)  
  13  0:15  Pylon  
  13  0:29  Probe (Chrono Boost)  
  14  0:40  Gateway  
  14  0:45  Probe (Chrono Boost)  
  15  0:59  Gateway  
  15  1:04  Pylon  
  15  1:05  Assimilator  
  15  1:13  Probe (Chrono Boost)  
  16  1:24  Probe (Chrono Boost)  
  17  1:26  Gateway  
  17  1:38  Cybernetics Core  
  17  1:42  Probe (Chrono Boost)  
  18  1:53  Probe (Chrono Boost)  
  19  2:00  Warp Gate  
  19  2:04  Assimilator  
  19  2:05  Probe (Chrono Boost)  
  20  2:15  Gateway  
  20  2:27  Pylon  
  20  2:34  Probe (Chrono Boost)  
  21  2:46  Probe (Chrono Boost)  
  21  2:48  Twilight Council  
  22  2:58  Robotics Facility  
  22  3:15  Pylon  
  22  3:23  Gateway  
  22  3:31  Dark Shrine  
  22  3:40  Probe (Chrono Boost)  
  23  3:51  Observer  
  23  3:52  Probe (Chrono Boost)  
  27  4:06  Mothership Core (Chrono Boost)  
  27  4:09  Nexus  
  28  4:26  Probe (Chrono Boost)  
  28  4:38  Warp Prism, Probe (Chrono Boost)  
  31  4:48  Dark Templar  
  31  4:50  Probe (Chrono Boost)  
  34  5:02  Probe (Chrono Boost)  
  34  5:07  Dark Templar x2  
  40  5:14  Probe (Chrono Boost)  
  40  5:22  Dark Templar  
  42  5:49  Blink  
  35  5:58  Probe (Chrono Boost)  
  35  5:59  Probe (Chrono Boost)  
  35  6:03  Assimilator  
  37  6:05  Assimilator  
  37  6:08  Probe (Chrono Boost)  
  37  6:10  Pylon  
  39  6:11  Probe (Chrono Boost)  
  39  6:14  Pylon  
  39  6:19  Probe (Chrono Boost)  
  39  6:23  Probe (Chrono Boost)  
  41  6:28  Stalker  
  41  6:29  Probe (Chrono Boost)  
  41  6:30  Stalker  
  46  6:35  Probe (Chrono Boost)  
  46  6:38  Immortal  
  51  6:40  Probe (Chrono Boost)  
  53  6:48  Probe (Chrono Boost)  
  53  6:50  Probe (Chrono Boost)  
  54  6:58  Pylon  
  54  7:00  Probe (Chrono Boost)  
  56  7:01  Pylon, Probe (Chrono Boost)  
  56  7:04  Pylon  
  56  7:08  Pylon  
  56  7:12  Stalker x2  
  56  7:13  Stalker  
  56  7:31  Stalker  
  56  7:32  Sentry  
  56  7:59  Stalker x3  
  56  8:00  Stalker  
  56  8:01  Stalker  
  66  8:09  Robotics Facility  
  66  8:13  Immortal  
  66  8:15  Probe (Chrono Boost)  
  66  8:17  Probe (Chrono Boost)  
  72  8:26  Probe (Chrono Boost)  
  73  8:27  Nexus  
  73  8:29  Probe (Chrono Boost)  
  74  9:02  Immortal x2  
  82  9:07  Stalker x3  
  82  9:08  Stalker  
  90  9:15  Stargate  
  90  9:23  Pylon  
  90  9:45  Stalker x2  
  84  10:04  Stalker x4  
  84  10:05  Stalker  
  90  10:24  Gateway  
  90  10:25  Gateway  
  90  10:27  Gateway  
  90  10:30  Gateway  
  90  10:32  Gateway  
  90  10:34  Gateway  
  90  10:39  Assimilator  
  90  10:41  Assimilator  
  90  10:44  Pylon, Stalker  
  90  10:45  Stalker x2  
  90  10:46  Stalker x2  
  90  10:47  Pylon  
  90  10:48  Void Ray  
  104  10:57  Robotics Bay  
  104  11:11  Stalker  
  106  11:20  Fleet Beacon  
  106  11:26  Probe (Chrono Boost)  
  106  11:27  Probe (Chrono Boost)  
  106  11:28  Probe (Chrono Boost)  
  109  11:37  Probe x2 (Chrono Boost)  
  112  11:40  Probe (Chrono Boost)  
  112  11:48  Probe x2 (Chrono Boost)  
  112  11:49  Stargate x2  
  114  11:56  Stargate  
  114  12:03  Stalker  
  114  12:04  Stalker x4  
  114  12:05  Stalker x2  
  114  12:06  Stalker  
  130  12:14  Probe (Chrono Boost)  
  132  12:16  Probe (Chrono Boost)  
  132  12:25  Nexus  
  132  12:27  Pylon  
  132  12:30  Pylon  
  132  12:34  Assimilator, Probe (Chrono Boost)  
  132  12:35  Probe x2 (Chrono Boost)  
  135  12:40  Assimilator  
  135  12:45  Stalker x3  
  141  12:55  Disruptor x2  
  141  12:57  Carrier  
  147  13:31  Stalker  
  147  13:32  Stalker x2  
  151  13:57  Carrier x3  
  169  14:13  Colossus  
  175  14:45  Carrier  
  171  15:11  Carrier  
  171  15:20  Stalker  
  173  15:26  Pylon  
  173  15:43  Disruptor  
  173  15:47  Disruptor  
  173  15:49  Stalker x3  
  185  15:50  Stalker  
  185  15:56  Pylon  
  187  16:00  Pylon  
  187  16:52  Observer  
  185  16:55  Observer  
  185  16:59  Stalker x3  
  185  17:00  Stalker  
Show
View Real Time Build Order
Export as new Build Order

WILDCRAFT Terran 

Build Orders:  

Get SALT Encoding   

  12  0:12  Supply Depot  
  12  0:14  SCV  
  13  0:26  SCV  
  14  0:38  SCV  
  14  0:39  Barracks  
  15  0:46  Refinery  
  15  0:50  SCV  
  16  1:02  Supply Depot  
  16  1:03  SCV  
  17  1:12  Refinery  
  17  1:15  SCV  
  18  1:26  Marine  
  19  1:33  Barracks  
  19  1:36  SCV  
  20  1:44  Marine  
  21  1:55  SCV  
  22  2:02  Marine  
  22  2:07  SCV  
  24  2:19  SCV  
  24  2:20  Marine  
  24  2:21  Barracks Reactor  
  26  2:31  SCV  
  26  2:32  Engineering Bay  
  27  2:42  Marine  
  28  2:57  Marine x2  
  30  3:01  Barracks Tech Lab  
  30  3:07  Orbital Command  
  30  3:09  Supply Depot  
  30  3:15  Marine  
  31  3:22  Combat Shields  
  31  3:31  Marine, Marauder  
  31  3:33  Marine  
  35  3:45  Missile Turret  
  35  3:49  Marine  
  35  3:50  Marine  
  39  3:55  Marauder  
  39  4:07  Marine  
  39  4:08  Marine  
  41  4:15  Missile Turret  
  41  4:22  Supply Depot, SCV  
  42  4:29  Marine  
  42  4:30  Marine  
  44  4:34  Marauder  
  46  4:41  Concussive Shells  
  46  4:42  Sensor Tower  
  46  4:47  Marine  
  46  4:48  Marine  
  48  5:09  Bunker  
  48  5:12  Marine  
  48  5:13  Marine  
  50  5:18  Marauder  
  52  5:30  Marine  
  52  5:31  Marine  
  53  5:41  Missile Turret  
  53  5:48  Marine x2  
  55  6:06  Marine x2  
  55  6:10  Marauder  
  59  6:22  Bunker  
  59  6:24  Marine x2  
  61  6:27  Terran Infantry Weapons Level 1  
  61  6:42  Marine x2  
  62  7:24  Factory  
  59  8:02  Marine x2  
  61  8:10  Bunker  
  61  8:19  Marine  
  61  8:20  Marine  
  61  8:22  Terran Infantry Armor Level 1  
  61  8:23  Starport  
  63  8:31  Marine  
  64  8:37  Marine x2  
  64  8:49  Marine  
  64  8:55  Marine x2  
  63  9:07  Marine  
  63  9:09  Factory Tech Lab  
  64  9:10  Viking  
  64  9:13  Marine x2  
  68  9:18  Missile Turret  
  68  9:25  Marine  
  68  9:31  Marine x2  
  71  9:38  Siege Tank  
  71  9:40  Viking  
  71  9:42  Marine  
  76  10:08  Marine x2  
  78  10:20  Starport Tech Lab  
  78  10:26  Marine  
  79  10:31  Supply Depot  
  79  10:52  Marine x2  
  79  10:53  Siege Tank  
  84  10:59  Bunker  
  84  11:10  Marine x2  
  84  11:16  Medivac  
  86  11:24  Supply Depot  
  86  11:28  Marine  
  86  11:29  Liberator  
  87  11:37  Bunker  
  90  11:51  Marine x2  
  92  12:08  Marine  
  92  12:09  Marine  
  92  12:12  Bunker  
  92  12:14  Command Center  
  94  12:26  Marine x2  
  94  12:29  Banshee  
  99  12:44  Marine x2  
  101  13:02  Marine x2  
  103  13:10  Missile Turret  
  103  13:24  Refinery  
  103  13:25  Marine x2  
  105  13:36  Bunker  
  105  13:45  Widow Mine  
  106  14:17  Barracks Tech Lab  
  106  14:27  Bunker  
  103  15:01  Liberator  
  103  15:05  Bunker  
  94  15:15  Bunker  
  97  15:23  Cloaking Field  
  79  15:53  Marine  
  79  15:54  Marine  
  81  16:01  Banshee  
  84  16:11  Marine x2  
  86  16:28  Bunker  
  86  16:29  Marine x2  
  86  16:31  Siege Tank  
  81  16:44  Banshee  
  83  16:47  Marine x2  
  82  17:13  Armory  
  71  17:26  Marine x2  
  71  17:29  Marine  
  67  17:34  Cyclone  
  32  17:44  Marine x2  
  32  17:47  Marine  
  32  17:50  Missile Turret  
Tags
 
Add a new tag
Caveats
  • Supply blocks, unpowered buildings, or Contaminate may cause inaccurate times.
  • Supply counts are checked every 10 seconds.